 Dungeon Crawl Stone Soup version 0.24-b1-48-gd9db55c (webtiles) character file.

Game seed: 10066405931419135917, levelgen mode: deterministic

18682 nutcollecter the Protected (level 12, -8/107 (108) HPs)
             Began as a Minotaur Berserker on Oct 25, 2019.
             Was a High Priest of Trog.
             Mangled by a ten-headed hydra (11 damage)
             ... on level 4 of the Lair of Beasts.
             The game lasted 00:34:04 (11059 turns).

nutcollecter the Protected (Minotaur Berserker)    Turns: 11059, Time: 00:34:25

HP:   -8/107 (108)  AC: 23    Str: 28    XL:     12   Next: 29%
MP:   11/11         EV: 10    Int:  4    God:    Trog [*****.]
Gold: 645           SH:  0    Dex:  9    Spells: 11/11 levels left

rFire    + . .     SeeInvis .   V - +9 glaive (venom)
rCold    . . .     Gourm    .   (shield currently unavailable)
rNeg     + . .     Faith    .   d - +0 plate armour
rPois    +         Spirit   .   (helmet restricted)
rElec    .         Reflect  .   n - +0 cloak
rCorr    .         Harm     .   J - +2 pair of gloves
MR       .....                  (no boots)
Stlth    ..........             M - amulet of the acrobat
HPRegen  0.27/turn              j - ring of positive energy
MPRegen  0.12/turn              m - ring of stealth

@: studying Spellcasting
A: retaliatory headbutt, horns 2, iridescent scales 1, fire resistance 1, poison
resistance
a: Berserk, Trog's Hand, Brothers in Arms, Renounce Religion


You were on level 4 of the Lair of Beasts.
You worshipped Trog.
Trog was extremely pleased with you.
You were hungry.

You visited 3 branches of the dungeon, and saw 13 of its levels.

You collected 645 gold pieces.

Inventory:

Hand Weapons
 a - a +1 whip of freezing
 e - a +1 flail of protection
 i - a +0 spear of venom
 u - a +2 quarterstaff of chaos
 A - a +1 flail of draining
 V - a +9 glaive of venom (weapon)
Armour
 d - a +0 plate armour (worn)
 n - a +0 cloak (worn)
 s - a +0 pair of gloves
 H - a +2 leather armour of fire resistance
 J - a +2 pair of gloves (worn)
 S - a +3 troll leather armour {Snorg}
 T - a cursed +0 chain mail
 W - a +0 cloak
Jewellery
 j - a ring of positive energy (left hand)
 m - a ring of stealth (right hand)
 M - an amulet of the acrobat (around neck)
 R - an uncursed ring of protection from fire {unknown}
 U - a cursed -2 ring of evasion {unknown}
Wands
 g - a wand of paralysis (24)
 k - a wand of acid (26)
 q - a wand of digging (4)
 B - a wand of flame (36)
 G - a wand of random effects (42)
 N - a wand of disintegration (14)
 Q - a wand of iceblast (8)
Scrolls
 b - 2 scrolls of fog {unknown}
 f - 2 scrolls of blinking {unknown}
 h - 3 scrolls of enchant armour {unknown}
 l - 10 scrolls of identify
 r - a scroll of magic mapping {unknown}
 t - a scroll of random uselessness {unknown}
 v - 6 scrolls of remove curse {unknown}
 w - 2 scrolls of enchant weapon {unknown}
 x - 5 scrolls of teleportation
 y - 2 scrolls of fear
 D - a scroll of vulnerability {unknown}
 E - 3 scrolls of immolation {unknown}
 O - 3 scrolls of noise {unknown}
 P - 2 scrolls of holy word {unknown}
Potions
 o - a potion of lignification
 p - 2 potions of curing
 C - 6 potions of heal wounds {unknown}
 F - a potion of might {unknown}
 I - 2 potions of degeneration {unknown}
 K - a potion of agility {unknown}
 L - a potion of ambrosia
Books
 z - a manual of Spellcasting
Comestibles
 c - 24 rations


   Skills:
 + Level 10.8 Fighting
   Level 8.2(11.9) Axes
 + Level 12.1(13.5) Maces & Flails
 + Level 6.7(9.6) Polearms
 + Level 6.5(11.0) Staves
 + Level 12.8 Armour
 + Level 5.0 Dodging
 + Level 1.1 Stealth


You had 11 spell levels left.
You didn't know any spells.
Your spell library contained the following spells:

 Spells                   Type           Power        Failure   Level  Hunger
 Confusing Touch          Hex            #.....       98%         1    ##.....
 Magic Dart               Conj           #...         98%         1    ##.....
 Summon Small Mammal      Summ           #...         98%         1    ##.....
 Blink                    Tloc           N/A          99%         2    ###....
 Call Imp                 Summ           #.......     99%         2    ###....
 Poisonous Vapours        Pois/Air       #.....       99%         2    ###....
 Slow                     Hex            #.......     99%         2    ###....
 Confuse                  Hex            #.......     100%        3    ####...
 Conjure Flame            Conj/Fire      #.......     100%        3    ####...
 Gell's Gravitas          Tloc           #.........   100%        3    ####...
 Mephitic Cloud           Conj/Pois/Air  #.......     100%        3    ####...
 Summon Guardian Golem    Hex/Summ       #.......     100%        3    ####...
 Cause Fear               Hex            #.........   100%        4    #####..
 Petrify                  Tmut/Erth      #.......     100%        4    #####..
 Summon Ice Beast         Ice/Summ       #.......     100%        4    #####..
 Alistair's Intoxication  Tmut/Pois      #.......     100%        5    ######.
 Aura of Abjuration       Summ           #.........   100%        5    ######.
 Metabolic Englaciation   Hex/Ice        #.........   100%        5    ######.
 Silence                  Hex/Air        #.........   100%        5    ######.
 Yara's Violent Unravell  Hex/Tmut       #.........   100%        5    ######.
 Deflect Missiles         Chrm/Air       #.........   100%        6    #######
 Discord                  Hex            #.........   100%        8    #######


Dungeon Overview and Level Annotations

Branches:
Dungeon (9/15)             Temple (1/1) D:4            Lair (4/6) D:9
  Swamp (0/4) Lair:3       Spider (0/4) Lair:2
    Orc: D:9-12

Altars:
Ashenzari
Cheibriados
Dithmenos
Elyvilon
Fedhas
Hepliaklqana
Makhleb
Nemelex Xobeh
Okawaru
Qazlal
Ru
Sif Muna
Uskayaw
Vehumet
Wu Jian
Xom
Yredelemnul
Zin
The Shining One


Innate Abilities, Weirdness & Mutations

You reflexively headbutt those who attack you in melee.
You have a pair of horns on your head.
You are partially covered in iridescent scales. (AC +2)
Your flesh is heat resistant. (rF+)
Your system is resistant to poisons. (rPois)


Message History

You are too injured to fight recklessly!
Unknown command.
You are too injured to fight recklessly!
Unknown command.
You are too injured to fight recklessly!
Unknown command.
You are too injured to fight recklessly!
You hack one of the nine-headed hydra's heads off!
The eight-headed hydra grows two more!
You hit the ten-headed hydra.
The ten-headed hydra looks even sicker.
The ten-headed hydra is heavily wounded.
The ten-headed hydra bites you.
* * * LOW HITPOINT WARNING * * *
The ten-headed hydra bites you!
* * * LOW HITPOINT WARNING * * *
The ten-headed hydra closely misses you. x2
The ten-headed hydra bites you!
* * * LOW HITPOINT WARNING * * *
The ten-headed hydra bites you!
You die...

........## ........#
........## #.# .#####...#
##..# ### #..## #...#
#.....##.#####...#
##...###.....P##..#.#..##
#.....##......##...#...#
#.....##.......D@......#
.......+.....###..##....#
.#....##......##.####...#
###...........#### ...P##
.##..#PP.....#...####...P#
<†.................÷...###
..÷....................##
........................#
......P...♣♣.♣♣........##


You could see a ten-headed hydra.

Vanquished Creatures
  Snorg (Lair:3)
  3 hydras
  Pikel (D:8)
  A salamander (Lair:3)
  4 elephants (Lair:3)
  2 black mambas (Lair:4)
  5 spiny frogs
  A torpor snail (Lair:4)
  A rime drake (Lair:2)
  4 blink frogs (Lair:4)
  3 hippogriffs
  Sigmund (D:5)
  3 redbacks (Lair:2)
  17 yaks
  A wyvern (Lair:4)
  A basilisk (Lair:3)
  A hungry ghost (D:8)
  3 wargs (D:9)
  Menkaure (D:5)
  5 porcupines
  3 water moccasins
  2 orc warriors
  3 ice beasts
  2 slaves (D:8)
  4 phantoms
  2 necrophages (D:7)
  5 wolves (Lair:2)
  2 centaurs
  3 crocodiles (Lair:3)
  10 ogres
  2 big kobolds (D:9)
  8 bullfrogs
  5 scorpions
  A water moccasin skeleton (D:6)
  3 howler monkeys
  4 crimson imps
  2 jellies
  A bullfrog zombie (D:7)
  6 hounds
  8 orc priests
  Crazy Yiuf (D:7)
  8 orc wizards
  2 iguanas
  7 worker ants
  A worker ant zombie (D:5)
  7 gnolls
  2 howler monkey skeletons
  6 adders
  5 shadow imps
  An ooze (D:5)
  An adder zombie (D:5)
  An adder skeleton (D:5)
  3 dart slugs
  3 leopard geckos
  26 orcs
  A ball python (D:4)
  5 giant cockroaches
  5 goblins
  5 hobgoblins (D:1)
  6 jackals
  10 kobolds
  A quokka (D:5)
  5 bats
  2 frilled lizards (D:1)
  A leopard gecko skeleton (D:4)
  A quokka skeleton (D:5)
  A quokka zombie (D:6)
  5 rats
  A bush (Lair:2)
  A fungus (Lair:4)
  A plant (Lair:3)
260 creatures vanquished.

Vanquished Creatures (others)
  2 fungi (Lair:4)
2 creatures vanquished.

Grand Total: 262 creatures vanquished

Notes
Turn   | Place    | Note
-------+----------+-------------------------------------------
     0 | D:1      | nutcollecter the Minotaur Berserker began the quest for the
                  | Orb.
     0 | D:1      | Reached XP level 1. HP: 19/19 MP: 0/0
    77 | D:1      | Reached XP level 2. HP: 23/27 MP: 1/1
   480 | D:1      | Reached XP level 3. HP: 27/33 MP: 2/2
  1370 | D:2      | Reached XP level 4. HP: 41/41 MP: 3/3
  1375 | D:2      | You fall into a shaft and drop 2 floors!
  1375 | D:4      | Found a staircase to the Ecumenical Temple.
  1376 | D:4      | Noticed an ogre
  1380 | D:4      | Killed an ogre
  1380 | D:4      | Reached ** piety under Trog
  1380 | D:4      | Reached skill level 5 in Axes
  1380 | D:4      | Reached XP level 5. HP: 25/47 MP: 4/4
  1579 | D:4      | Reached XP level 6. HP: 52/55 MP: 5/5
  1874 | D:4      | Reached skill level 5 in Fighting
  2618 | Temple   | Entered the Ecumenical Temple
  2810 | D:5      | Entered Level 5 of the Dungeon
  2897 | D:5      | Reached skill level 5 in Armour
  2897 | D:5      | Reached XP level 7. HP: 41/61 MP: 6/6
  3035 | D:5      | Noticed Menkaure
  3043 | D:5      | Killed Menkaure
  3360 | D:5      | Reached skill level 1 in Polearms
  3753 | D:5      | Noticed Sigmund
  3763 | D:5      | Killed Sigmund
  3763 | D:5      | Reached XP level 8. HP: 70/70 MP: 7/7
  4063 | D:5      | Reached *** piety under Trog
  4623 | D:6      | Reached skill level 5 in Polearms
  4623 | D:6      | Reached XP level 9. HP: 59/78 MP: 8/8
  4961 | D:7      | Reached skill level 1 in Maces & Flails
  5017 | D:7      | Found a runed translucent door.
  5018 | D:7      | Noticed Crazy Yiuf
  5339 | D:7      | Gained mutation: You are partially covered in iridescent
                  | scales. (AC +2) [potion of mutation]
  5339 | D:7      | Gained mutation: Your system is resistant to poisons.
                  | (rPois) [potion of mutation]
  5339 | D:7      | Gained mutation: Your flesh is heat resistant. (rF+)
                  | [potion of mutation]
  5494 | D:7      | Reached skill level 1 in Stealth
  5714 | D:7      | Received a gift from Trog
  5939 | D:7      | Found a shimmering altar of Xom.
  6252 | D:7      | Killed Crazy Yiuf
  6343 | D:8      | Reached skill level 5 in Maces & Flails
  6386 | D:8      | Reached XP level 10. HP: 84/87 MP: 9/9
  6461 | D:8      | Reached **** piety under Trog
  6678 | D:8      | Reached skill level 10 in Armour
  6718 | D:8      | Noticed Pikel
  6729 | D:8      | Killed Pikel
  7628 | D:9      | Found a staircase to the Lair.
  7641 | Lair:1   | Entered Level 1 of the Lair of Beasts
  7690 | Lair:1   | Noticed a spiny frog
  7697 | Lair:1   | Killed a spiny frog
  7759 | Lair:1   | You fall into a shaft and drop 1 floor!
  7790 | Lair:2   | Found a hole to the Spider Nest.
  7797 | Lair:2   | Noticed a spiny frog
  7807 | Lair:2   | Killed a spiny frog
  8049 | Lair:2   | Reached skill level 10 in Maces & Flails
  8055 | Lair:2   | Reached XP level 11. HP: 96/96 MP: 10/10
  8417 | Lair:2   | Noticed a four-headed hydra
  8426 | Lair:2   | Killed a four-headed hydra
  8921 | Lair:3   | Noticed Snorg
  8939 | Lair:3   | Killed Snorg
  8953 | Lair:3   | Reached skill level 10 in Fighting
  9285 | Lair:3   | Noticed a seven-headed hydra
  9302 | Lair:3   | Reached ***** piety under Trog
  9405 | Lair:3   | Reached skill level 1 in Staves
  9523 | Lair:3   | Noticed a six-headed hydra
  9531 | Lair:3   | Killed a six-headed hydra
  9554 | Lair:3   | Found a staircase to the Swamp.
  9709 | Lair:3   | Killed a seven-headed hydra
 10059 | Lair:3   | Reached skill level 5 in Staves
 10068 | Lair:3   | Reached XP level 12. HP: 106/106 MP: 11/11
 10491 | Lair:4   | Received a gift from Trog
 10571 | Lair:4   | Reached skill level 5 in Dodging
 10866 | Lair:4   | Identified the Compendium of the Venomous Entourage
 11047 | Lair:4   | Noticed a four-headed hydra
 11059 | Lair:4   | HP: 3/107 [ten-headed hydra (9)]
 11059 | Lair:4   | Mangled by a ten-headed hydra

Skill      XL: |  1  2  3  4  5  6  7  8  9 10 11 12 |
---------------+-------------------------------------+-----
Axes           | 4 5 6 7 8 |  8.2
Fighting       | 4 5 6 8 9 10 | 10.8
Armour         | 3 4 5 6 8 9 11 12 | 12.8
Dodging        | 3 4 5 |  5.0
Polearms       | 1 5 6 |  6.7
Maces & Flails | 6 10 11 12 | 12.1
Stealth        | 1 |  1.1
Staves         | 5 6 |  6.5

Action                   |  1- 3 |  4- 6 |  7- 9 | 10-12 || total
-------------------------+-------+-------+-------+-------++-------
Melee: Hand axe          |    85 |    80 |       |       ||   165
       Headbutt          |    13 |    22 |    58 |    92 ||   185
       Spear             |       |    35 |   190 |       ||   225
       Flail             |       |       |   119 |   305 ||   424
       Quarterstaff      |       |       |       |    56 ||    56
       Glaive            |       |       |       |    38 ||    38
Invok: Berserk           |       |       |     4 |     8 ||    12
  Use: Potion            |       |     4 |     3 |       ||     7
       Scroll            |       |       |     3 |       ||     3
  Eat: Chunk             |     1 |     2 |    10 |    11 ||    24
       Ration            |       |     1 |     2 |     3 ||     6
Armor: Plate armour      |    69 |    51 |   128 |   294 ||   542
       Skin              |       |    17 |       |       ||    17
       Troll leather arm |       |       |       |    14 ||    14
Dodge: Dodged            |    28 |    39 |   125 |   230 ||   422
